 Dungeon Crawl Stone Soup version 0.18.1-1-g2f07953 (webtiles) character file.

9803 Christof the Blocker (level 11, 0/95 HPs)
             Began as a Minotaur Fighter on May 6, 2016.
             Was a High Priest of Okawaru.
             Incinerated by a deep elf mage (1 damage)
             ... with a sticky flame
             ... on level 12 of the Dungeon.
             The game lasted 00:46:40 (13122 turns).

Christof the Blocker (Minotaur Fighter)            Turns: 13122, Time: 00:46:40

Health: 0/95       AC: 19    Str: 21    XL:     11   Next: 27%
Magic:  11/11      EV:  6    Int:  8    God:    Okawaru [*****.]
Gold:   692        SH: 12    Dex: 10    Spells: 0 memorised, 10 levels left

rFire  + . .     SeeInvis .     U - +0 flail (holy)
rCold  . . .     Gourm    .     y - +1 plate armour
rNeg   . . .     Faith    .     c - +0 shield
rPois  .         Spirit   .     (helmet restricted)
rElec  .         Dismiss  .     A - +0 cloak
rCorr  .         Reflect  .     T - +1 pair of gloves of Parlour Games {rF+}
SustAt .         Harm     .     (no boots)
MR     .....                    (no amulet)
Stlth  ..........               (no ring)
                                q - +4 ring of protection

@: liquid flames, manticore barbs, corroded, glowing, not resistant to hostile
enchantments, extremely unstealthy
A: retaliatory headbutt, horns 2
a: Heroism, Finesse, Renounce Religion


You were on level 12 of the Dungeon.
You worshipped Okawaru.
Okawaru was extremely pleased with you.
You were not hungry.

You visited 2 branches of the dungeon, and saw 12 of its levels.

You collected 692 gold pieces.

Inventory:

Hand Weapons
 a - a +1 flail
 p - the +5 morningstar "Xitipefu" {vamp, rF+ MR++ Dex-3 Stlth+, unknown}
   (You found it on level 4 of the Dungeon)

   It inflicts no extra harm, but heals its wielder somewhat when it strikes a
   living foe.
   It affects your dexterity (-3).
   It protects you from fire.
   It affects your resistance to hostile enchantments.
   It makes you more stealthy.
 s - a +0 flail
 t - a +0 flail
 v - a +1 whip of electrocution
 U - a +0 flail of holy wrath (weapon)
Missiles
 m - 17 tomahawks (quivered)
Armour
 b - a +0 scale mail
 c - a +0 shield (worn)
 r - a +0 large shield
 y - a +1 plate armour (worn)
 z - a +0 cloak
 A - a +0 cloak (worn)
 K - a -2 cloak
 T - the +1 pair of gloves of Parlour Games (worn) {rF+}
   (Okawaru gifted it to you on level 10 of the Dungeon)

   It protects you from fire.
Jewellery
 q - a +4 ring of protection (left hand)
 D - a cursed ring of teleportation
Wands
 n - a wand of lightning (7/15)
 x - a wand of flame (41/48)
 E - a wand of disintegration (18/24)
 G - a wand of slowing (40/48)
 H - a wand of polymorph (8/24)
 J - a wand of acid (1/15)
 R - a wand of teleportation (4/9)
 S - a wand of enslavement (11/24)
Scrolls
 i - a scroll of amnesia
 j - 3 scrolls of identify
 I - 2 scrolls of magic mapping
 L - a scroll of fear
 M - a scroll of teleportation
 P - a scroll of blinking
 Q - a scroll of remove curse
 V - a scroll of enchant armour
Potions
 d - 2 potions of might
 e - 9 potions of curing
 l - 4 potions of flight
 u - a potion of agility
 w - 2 potions of lignification
 B - 3 potions of heal wounds
 C - 2 potions of magic
 F - a potion of beneficial mutation {unknown}
 O - a potion of berserk rage {unknown}
Comestibles
 f - 5 bread rations
 g - 6 fruits
 h - 5 meat rations
 k - a slice of pizza
 o - 2 beef jerkies
 N - 11 royal jellies
 W - 4 chunks of flesh


   Skills:
 + Level 8.5 Fighting
 * Level 12.3 Maces & Flails
 + Level 9.8 Armour
 * Level 12.5 Shields
 + Level 1.5 Invocations


You had 10 spell levels left.
You didn't know any spells.

Dungeon Overview and Level Annotations

Branches:
Dungeon (10/15)            Temple (1/1) D:4             Orc (0/2) D:9
   Lair: D:8-11

Altars:
Ashenzari
Cheibriados
Dithmenos
Elyvilon
Fedhas
Gozag
Kikubaaqudgha
Makhleb
Nemelex Xobeh
Okawaru
Pakellas
Qazlal
Ru
Sif Muna
Trog
Vehumet
Xom
Yredelemnul
Zin
The Shining One

Annotations:
D:10 Maud


Innate Abilities, Weirdness & Mutations

You reflexively headbutt those who attack you in melee.
You have a pair of horns on your head.


Message History

The barbs in your skin will harm you if you move.
Continue?
The barbed spikes dig painfully into your body as you move.
* * * LOW HITPOINT WARNING * * *
You are covered in liquid flames!
* * * LOW HITPOINT WARNING * * *
You block the deep elf mage's attack.
Read which item? (? for menu, Esc to quit)
Okay, then.
You sock the deep elf mage!
The deep elf mage is severely wounded.
You are covered in liquid flames!
The deep elf mage hits you but does no damage.
You hit the deep elf mage but do no damage.
The deep elf mage is severely wounded.
You are covered in liquid flames!
* * * LOW HITPOINT WARNING * * *
You completely miss the deep elf mage.
The deep elf mage is severely wounded.
You are covered in liquid flames!
You die...

#.# .# #.###.
##.## #....
.....#.#.#
....#... .. ...
.####. #e# .
....#.##@####..
................
#####.#.......##..
#.. #.......# #.#
#.......#
#.#####....!..#
#..>..#.......#
##.....#......(#
##...........####


You could see a deep elf mage.

Vanquished Creatures
  Erolcha (D:8)
  The ghost of CcS the Cleaver, a novice MiMo of Cheibriados (D:10)
  Pikel (D:8)
  An ugly thing (D:12)
  A manticore (D:12)
  Joseph (D:8)
  Prince Ribbit (D:8)
  2 wyverns
  6 yaks (D:9)
  A vampire (D:10)
  A hippogriff (D:10)
  Menkaure (D:7)
  A water moccasin (D:6)
  Duvessa (D:7)
  9 orc warriors
  A sky beast (D:8)
  2 phantoms
  4 centaurs
  6 ogres
  6 giant frogs
  Dowan (D:7)
  A water moccasin zombie (D:8)
  4 scorpions
  A water moccasin skeleton (D:7)
  4 wights
  4 killer bees (D:8)
  3 howler monkeys
  3 crimson imps
  7 jellies
  2 centaur zombies
  A giant frog zombie (D:5)
  8 hounds
  A quasit (D:10)
  Crazy Yiuf (D:7)
  7 orc priests
  A centaur skeleton (D:6)
  Jessica (D:2)
  An iguana (D:9)
  13 orc wizards
  9 worker ants
  A killer bee zombie (D:7)
  2 hound zombies
  A howler monkey zombie (D:5)
  Robin (D:2)
  8 gnolls
  9 adders
  3 shadow imps
  5 oozes (D:8)
  An adder zombie (D:5)
  An adder skeleton (D:5)
  3 worms
  2 dart slugs
  4 giant geckos
  51 orcs
  4 ball pythons
  6 bats
  11 giant cockroaches
  16 goblins
  12 hobgoblins
  5 jackals
  7 kobolds
  8 quokkas
  A giant gecko skeleton (D:4)
  A giant gecko zombie (D:7)
  2 giant newts (D:1)
  A quokka skeleton (D:6)
  9 rats
296 creatures vanquished.

Vanquished Creatures (others)
  4 slaves (D:8)
  2 centaurs (D:8)
  An orc wizard (D:8)
  An orc priest (D:8)
  A worker ant (D:8)
  A shadow imp (D:8)
  A giant gecko (D:8)
  2 orcs (D:8)
  5 jackals (D:8)
18 creatures vanquished.

Grand Total: 314 creatures vanquished

Notes
Turn   | Place    | Note
--------------------------------------------------------------
     0 | D:1      | Christof the Minotaur Fighter began the quest for the Orb.
     0 | D:1      | Reached XP level 1. HP: 19/19 MP: 0/0
   192 | D:1      | Reached XP level 2. HP: 27/27 MP: 1/1
   913 | D:2      | Reached XP level 3. HP: 33/33 MP: 2/2
  1185 | D:2      | Noticed Robin
  1205 | D:2      | Killed Robin
  1369 | D:2      | Reached XP level 4. HP: 34/40 MP: 3/3
  1416 | D:2      | Noticed Jessica
  1419 | D:2      | Killed Jessica
  1617 | D:2      | Found a bloodstained altar of Trog.
  1821 | D:2      | Found a stormy altar of Qazlal.
  1821 | D:2      | Found a snail-covered altar of Cheibriados.
  1824 | D:2      | Found a shadowy altar of Dithmenos.
  1914 | D:3      | Reached skill level 5 in Armour
  1914 | D:3      | Reached XP level 5. HP: 46/46 MP: 4/4
  2099 | D:3      | Reached skill level 5 in Shields
  2119 | D:3      | Found a burning altar of Makhleb.
  2354 | D:3      | Reached XP level 6. HP: 53/53 MP: 5/5
  2739 | D:3      | Found a deep blue altar of Sif Muna.
  2920 | D:3      | Reached skill level 5 in Maces & Flails
  3295 | D:4      | Found a white marble altar of Elyvilon.
  3374 | D:4      | Reached XP level 7. HP: 49/60 MP: 6/6
  3793 | D:4      | Found a basalt altar of Yredelemnul.
  3801 | D:4      | Reached skill level 5 in Fighting
  3908 | D:4      | Found a staircase to the Ecumenical Temple.
  3919 | Temple   | Entered the Ecumenical Temple
  3974 | Temple   | Became a worshipper of Warmaster Okawaru
  4041 | D:4      | Got an iridescent morningstar
  4546 | D:5      | Entered Level 5 of the Dungeon
  4802 | D:5      | Reached XP level 8. HP: 49/68 MP: 7/7
  6112 | D:6      | Reached * piety under Okawaru
  7521 | D:7      | Reached XP level 9. HP: 72/75 MP: 8/8
  7683 | D:7      | Reached ** piety under Okawaru
  8137 | D:7      | Found a shattered altar of Ashenzari.
  8209 | D:7      | Noticed Menkaure
  8213 | D:7      | Noticed Duvessa
  8215 | D:7      | Noticed Dowan
  8220 | D:7      | Killed Duvessa
  8223 | D:7      | Killed Menkaure
  8235 | D:7      | Killed Dowan
  8731 | D:7      | Noticed Crazy Yiuf
  8740 | D:7      | Killed Crazy Yiuf
  8977 | D:7      | Found an opulent altar of Gozag.
  9087 | D:8      | Noticed Pikel
  9103 | D:8      | Killed Pikel
  9103 | D:8      | Reached *** piety under Okawaru
  9168 | D:8      | Noticed Erolcha
  9168 | D:8      | Reached skill level 1 in Invocations
  9175 | D:8      | Reached skill level 10 in Shields
  9186 | D:8      | Killed Erolcha
  9186 | D:8      | Reached **** piety under Okawaru
  9186 | D:8      | Reached skill level 10 in Maces & Flails
  9186 | D:8      | Reached XP level 10. HP: 28/86 MP: 9/9
  9706 | D:8      | Noticed Prince Ribbit
  9711 | D:8      | Killed Prince Ribbit
  9711 | D:8      | Received a gift from Okawaru
 10028 | D:8      | Noticed Joseph
 10082 | D:8      | Killed Joseph
 10306 | D:9      | Found a burning altar of Makhleb.
 10596 | D:9      | Reached ***** piety under Okawaru
 11771 | D:9      | Found a staircase to the Orcish Mines.
 11863 | D:10     | Entered Level 10 of the Dungeon
 11887 | D:10     | Found a shadowy altar of Dithmenos.
 11930 | D:10     | Reached XP level 11. HP: 93/95 MP: 10/10
 11947 | D:10     | Noticed CcS's ghost (novice MiMo)
 11955 | D:10     | Received a gift from Okawaru
 11976 | D:10     | Killed CcS's ghost
 11983 | D:10     | Got a pair of transparent gloves {god gift}
 11989 | D:10     | Identified the +1 pair of gloves of Parlour Games {rF+} (Okawaru gifted it to you on level 10 of the Dungeon)
 12286 | D:10     | Noticed Maud
 12994 | D:10     | You fall through a shaft for 2 floors!
 13092 | D:12     | Noticed a brown ugly thing
 13096 | D:12     | Noticed a deep elf mage
 13104 | D:12     | Killed a brown ugly thing
 13119 | D:12     | HP: 4/95 [barbs]
 13121 | D:12     | HP: 1/95 [burnt (1)]
 13122 | D:12     | Incinerated by a deep elf mage

Skill      XL: |  1  2  3  4  5  6  7  8  9 10 11 |
---------------+----------------------------------+-----
Shields        | 4 5 6 8 10 11 12 | 12.5
Fighting       | 4 5 6 7 8 |  8.5
Armour         | 4 5 6 7 8 9 |  9.8
Maces & Flails | 3 4 5 7 8 10 12 | 12.3
Invocations    | 1 |  1.5

Action                   |  1- 3 |  4- 6 |  7- 9 | 10-12 || total
-------------------------+-------+-------+-------+-------++-------
Melee: Flail             |   111 |   170 |   428 |   461 ||  1170
       Headbutt          |     9 |    28 |    82 |   100 ||   219
Throw: Tomahawk          |       |       |     7 |       ||     7
Invok: Heroism           |       |       |     2 |     3 ||     5
       Finesse           |       |       |       |     3 ||     3
  Use: Potion            |       |     1 |     1 |     1 ||     3
       Scroll            |       |     7 |    11 |     6 ||    24
 Stab: Distracted        |     1 |       |       |     1 ||     2
  Eat: Chunk             |     2 |     6 |    17 |    12 ||    37
       Fruit             |       |       |     2 |     2 ||     4
Armor: Scale mail        |    62 |    46 |       |       ||   108
       Plate armour      |       |    30 |   198 |   207 ||   435
Dodge: Dodged            |    38 |    29 |    78 |    76 ||   221
Block: Shield            |    58 |   101 |   228 |   263 ||   650
